AoeStats
← Křovák

Black Forest

506357040Analyzed
1v1 RM · 20d ago on Sep 13, 2026· 55m 28s· 2 players
Game mode
Random Map
Map size
Tiny (2 player)
Population
200
Speed
Normal
Resources
Standard
Victory
Conquest
Starting age
Dark Age
Ending age
Imperial Age
RankedLock teamsTeams togetherTeam positionsShared explorationLock speedFull tech treeHidden civsTurbo modeCheats
Victory
Defeat
🇪🇸 Turks · Spain
799
+17
🇨🇿 Teutons · Czechia
822
-17
Nova Geck
1:39 Loom
9:26 Loom
11:58 Feudal Age
12:43 Double-Bit Axe
13:12 Man-at-Arms
13:38 Arson
13:51 Horse Collar
17:34 Wheelbarrow
21:08 Castle Age
20:04 Fletching
21:19 Padded Archer Armor
23:26 Bow Saw
24:41 Bloodlines
24:31 Husbandry
26:04 Gold Mining
26:09 Stone Mining
26:21 Crossbowman
27:14 Bodkin Arrow
33:13 Forging
39:22 Imperial Age
37:46 Heavy Plow
38:25 Gold Shaft Mining
38:18 Fortified Wall
37:51 Treadmill Crane
38:08 Murder Holes
41:30 Two-Man Saw
41:18 Bracer
41:25 Scale Barding Armor
44:25 Bombard Tower
45:29 Conscription
45:49 Artillery
48:19 Ballistics
49:29 Heavy Camel Rider
Křovák
0:34 Loom
13:25 Feudal Age
16:27 Fletching
18:57 Double-Bit Axe
18:55 Horse Collar
21:30 Castle Age
29:16 Bow Saw
29:09 Heavy Plow
29:02 Gold Mining
30:54 Bodkin Arrow
35:11 Imperial Age
37:22 Chemistry
36:33 Fortified Wall
36:44 Ballistics
37:20 Town Watch
38:11 Wheelbarrow
38:55 Crenellations
44:45 Two-Man Saw
44:01 Forging
43:57 Scale Barding Armor
44:08 Stone Mining
43:54 Onager
44:18 Cavalier
48:08 Iron Casting
47:54 Chain Barding Armor
50:19 Paladin
Connection lost

Rejoining the realm…

Still unreachable

The connection could not be restored.

Session expired

The server has moved on; the page needs a fresh start.